 Dungeon Crawl Stone Soup version 0.20.0-15-g7f486f2 (console) character file.

42 removed the Ducker (level 3, 5/16 HPs)
             Began as a Spriggan Necromancer on June 10, 2017.
             Quit the game on level 2 of the Dungeon.
             The game lasted 00:01:34 (1769 turns).

removed the Ducker (Spriggan Necromancer)           Turns: 1769, Time: 00:01:35

Health: 5/16       AC:  4    Str:  5    XL:     3   Next: 33%
Magic:  1/8        EV: 21    Int: 16    God:
Gold:   58         SH:  0    Dex: 16    Spells: 6/7 levels left

rFire    . . .     SeeInvis +   (weapon restricted)
rCold    . . .     Gourm    .   (shield restricted)
rNeg     + . .     Faith    .   k - +2 robe {rN+}
rPois    .         Spirit   .   (helmet restricted)
rElec    .         Reflect  .   (no cloak)
rCorr    .         Harm     .   (gloves unavailable)
MR       +....                  (boots unavailable)
Stlth    ++........             (no amulet)
Regen    0.1/turn               h - ring of protection from magic
MPRegen  0.2/turn               (no ring)

@: very quick
A: unfitting armour, see invisible, herbivore 3, speed 3, slow metabolism 2
a: no special abilities


You were on level 2 of the Dungeon.
You were not hungry.

You visited 1 branch of the dungeon, and saw 2 of its levels.

You collected 58 gold pieces.

Inventory:

Armour
 a - a +0 robe
 k - a +2 robe of positive energy (worn)
Jewellery
 h - a ring of protection from magic (left hand)
Scrolls
 f - 4 scrolls of identify {unknown}
 g - a scroll of immolation {unknown}
 i - a scroll of amnesia {unknown}
 j - a scroll of remove curse {unknown}
Potions
 e - a potion of heal wounds {unknown}
Books
 b - a book of Necromancy

   Spells                             Type                      Level
   a - Pain                           Necromancy                   1
   b - Animate Skeleton               Necromancy                   1
   c - Vampiric Draining              Necromancy                   3
   d - Regeneration                   Charms/Necromancy            3
   e - Animate Dead                   Necromancy                   4
   f - Control Undead                 Necromancy                   4
Comestibles
 c - 3 bread rations


   Skills:
 + Level 5.5 Dodging
 - Level 3.0 Stealth
 - Level 2.6 Spellcasting
 - Level 3.6 Necromancy


You had 6 spell levels left.
You knew the following spells:

 Your Spells              Type           Power        Failure   Level  Hunger
a - Pain                  Necr           ##..         4%          1    #......


Dungeon Overview and Level Annotations

Branches:
Dungeon (2/15)

Altars:


Innate Abilities, Weirdness & Mutations

You are very small and have problems with some larger weapons.
You are too small for most types of armour.
You have supernaturally acute eyesight. (SInv)
You are a herbivore.
You cover ground extremely quickly.
You need consume almost no food.


Message History

The bat closely misses you. The bat misses you.
A goblin comes into view. It is wielding a dagger.
The goblin shouts!
Found a scroll labeled YKOBOE ZADWETHRU.
The bat hits you but does no damage.
Casting: Pain
Confirm with . or Enter, or press ? or * to list all spells.
Aiming: Pain
Press: ? - help, Shift-Dir - straight line, f - bat
Aim: a bat (chance to defeat MR: 83%)
The bat writhes in agony!
The bat misses you.
The kobold throws a stone.
The stone misses you. The bat completely misses you.
The bat hits you but does no damage.
A hobgoblin comes into view.
The bat closely misses you. The bat completely misses you.
The bat hits you but does no damage.
You see here a scroll labeled YKOBOE ZADWETHRU.
Are you sure you want to abandon this character and quit the game? (Confirm with "yes".)

#.# #.....##..#
#.#
########K.######
#.#
#####.....g..#
#.#
.......g####.#
#.#
.#####..####.##
#.# #..(.....#
#.# #.#####g.#
#.# #b# #.# #@#
#.# #.# #.# #.#
#.## #.. #..#
### ##.# #.#
##.#####.#.
#.........#


You could see a goblin, a bat and a kobold.

Vanquished Creatures
  2 adders (D:2)
  A dart slug (D:1)
  5 bats
  3 giant cockroaches
  2 hobgoblins
  3 kobolds
  3 frilled lizards
  4 rats
23 creatures vanquished.

Notes
Turn   | Place    | Note
-------+----------+-------------------------------------------
     0 | D:1      | removed the Spriggan Necromancer began the quest for the Orb.
     0 | D:1      | Reached XP level 1. HP: 9/9 MP: 5/5
   550 | D:1      | Reached skill level 4 in Dodging
   602 | D:1      | Reached XP level 2. HP: 10/13 MP: 3/6
  1111 | D:2      | Reached skill level 5 in Dodging
  1394 | D:2      | Reached XP level 3. HP: 12/16 MP: 2/8
  1769 | D:2      | Quit the game

Skill      XL: |  1  2 |
---------------+-------+-----
Dodging        | 4 5 |  5.5
Stealth        | |  3.0
Spellcasting   | |  2.6
Necromancy     | |  3.6

Action                   || total
-------------------------++-------
Melee: Unarmed           ||     7
 Cast: Pain              ||    57
  Use: Potion            ||     1
Armor: Robe              ||     7
Dodge: Dodged            ||    32
